 Dungeon Crawl Stone Soup version 0.24-a0-275-g6f7e2cb (webtiles) character file.

Game seed: 10108264146536396118

49 TheOvate the Conjurer (level 4, -2/24 HPs)
             Began as a Kobold Conjurer on Apr 27, 2019.
             Slain by an adder (3 damage)
             ... on level 3 of the Dungeon.
             The game lasted 00:06:38 (1204 turns).

TheOvate the Conjurer (Kobold Conjurer)             Turns: 1204, Time: 00:06:38

Health: -2/24      AC:  2    Str:  5    XL:     4   Next: 2%
Magic:  1/7        EV: 15    Int: 17    God:
Gold:   61         SH:  0    Dex: 15    Spells: 6/7 levels left

rFire    . . .     SeeInvis .   d - +0 dagger
rCold    . . .     Gourm    .   (shield restricted)
rNeg     . . .     Faith    .   a - +0 robe
rPois    .         Spirit   .   (no helmet)
rElec    .         Reflect  .   (no cloak)
rCorr    .         Harm     .   (no gloves)
MR       .....                  (no boots)
Stlth    ++........             (no amulet)
HPRegen  0.08/turn              (no ring)
MPRegen  0.10/turn              (no ring)

@: lethally poisoned (-2 -> -5), hasted, very quick
A: small, carnivore
a: no special abilities


You were on level 3 of the Dungeon.
You were completely stuffed.

You visited 1 branch of the dungeon, and saw 4 of its levels.

You collected 61 gold pieces.

Inventory:

Hand Weapons
 d - a +0 dagger (weapon)
Missiles
 g - 8 curare-tipped needles
Armour
 a - a +0 robe (worn)
Scrolls
 b - a scroll of identify
 e - a scroll of remove curse
Comestibles
 c - 5 rations
 f - 2 chunks of flesh


   Skills:
   Level 0.1 Axes
 - Level 2.5 Dodging
 - Level 3.3 Stealth
 - Level 0.2 Unarmed Combat
 + Level 2.3 Spellcasting
 + Level 4.9 Conjurations


You had 6 spell levels left.
You knew the following spells:

 Your Spells              Type           Power        Failure   Level  Hunger
a - Magic Dart            Conj           ###.         2%          1    #......

Your spell library contained the following spells:

 Spells                   Type           Power        Failure   Level  Hunger
 Searing Ray              Conj           ###...       3%          2    ##.....
 Sandblast                Erth           #.....       19%         1    #......
 Dazzling Spray           Conj/Hex       ##....       21%         3    ###....
 Stone Arrow              Conj/Erth      ##....       21%         3    ###....
 Iskenderun's Mystic Bla  Conj           ###.....     24%         4    #####..
 Passwall                 Tmut/Erth      #.......     28%         2    ##.....
 Force Lance              Conj/Tloc      ##......     56%         4    #####..
 Fulminant Prism          Conj/Hex       ##........   56%         4    #####..
 Petrify                  Tmut/Erth      #.......     88%         4    #####..
 Lee's Rapid Deconstruct  Erth           #.........   99%         5    ######.


Dungeon Overview and Level Annotations

Branches:
Dungeon (4/15)
 Temple: D:4-7

Altars:

Shops:
D:4 [

Annotations:
D:4 armor shoppe


Innate Abilities, Weirdness & Mutations

You are small and have problems with some larger weapons.
You are carnivorous and can eat meat at any time.


Message History

The adder closely misses you. The orc hits you but does no damage.
You hit the orc but do no damage.
The orc is heavily wounded.
* * * LOW HITPOINT WARNING * * *
You feel sick. The adder misses you.
You hit the orc but do no damage.
The orc is heavily wounded.
The orc barely misses you. The adder barely misses you.
You hit the orc but do no damage.
The orc is heavily wounded.
The adder closely misses you. The orc barely misses you.
You hit the orc but do no damage.
The orc is heavily wounded.
The adder bites you but does no damage.
You barely miss the orc.
The orc is heavily wounded.
The orc hits you with a +0 whip.
* * * LOW HITPOINT WARNING * * *
The adder bites you.
You die...

#.# #รท# #####.#
#.....# #S#####
#.# ### #.####.##
#.......#######.#
####......SS@oo.#
#.#.##########
#.#.# #.#.# #.#.#
#####.#.#
#....>#.#
#######.#


You could see 2 adders and 2 orcs.

Vanquished Creatures
  3 dart slugs (D:1)
  2 leopard geckos (D:1)
  An orc (D:3)
  4 giant cockroaches
  3 goblins (D:1)
  3 hobgoblins
  3 jackals (D:2)
  6 kobolds
  A quokka (D:3)
  A ball python (D:1)
  4 bats
  4 frilled lizards (D:2)
  3 rats
38 creatures vanquished.

Notes
Turn   | Place    | Note
-------+----------+-------------------------------------------
     0 | D:1      | TheOvate the Kobold Conjurer began the quest for the Orb.
     0 | D:1      | Reached XP level 1. HP: 10/10 MP: 3/3
   122 | D:1      | Reached XP level 2. HP: 15/15 MP: 1/5
   350 | D:1      | Reached XP level 3. HP: 16/19 MP: 4/6
   895 | D:2      | You fall through a shaft for 2 floors!
   940 | D:4      | Found Ykyi's Antique Armour Emporium.
  1182 | D:3      | Reached XP level 4. HP: 22/24 MP: 0/7
  1204 | D:3      | HP: 1/24 [orc/+0 whip (3)]
  1204 | D:3      | Slain by an adder

Levels and vault maps discovered:
D:1:      lightli_arrival_statue_moat, layout_basic
D:2:      layout_loops_corners, lemuel_round_altar, minmay_tall_x, uniq_robin,
          uniq_terence
D:3:      layout_loops_ring, okawaru_ov_weapons_minmay, fedhas_altar_fruit_tree
D:4:      layout_basic, first_ration, serial_shops, shop, sigmund_army

Skill      XL: |  1  2  3 |
---------------+----------+-----
Stealth        | 3 |  3.3
Axes           | |  0.1
Dodging        | |  2.5
Unarmed Combat | |  0.2
Spellcasting   | |  2.3
Conjurations   | |  4.9

Action                   |  1- 3 |  4- 6 || total
-------------------------+-------+-------++-------
Melee: Unarmed           |     9 |       ||     9
       Dagger            |    49 |    19 ||    68
       Hand axe          |     4 |       ||     4
 Cast: Magic Dart        |    52 |     2 ||    54
  Use: Scroll            |     5 |       ||     5
       Potion            |     1 |       ||     1
 Stab: Sleeping          |     4 |       ||     4
  Eat: Chunk             |    10 |       ||    10
Armor: Robe              |     9 |     2 ||    11
Dodge: Dodged            |    71 |    21 ||    92

Table legend:
 A = Non-vault XP
 B = Vault XP
 C = Vault XP percentage of total XP
 D = Non-vault monster count
 E = Vault monster count
 F = Vault count percentage of total count
                 A         B        C        D         E       F
            +---------+---------+-------+---------+---------+-------
      Total |      70 |       1 |   1.4 |      37 |       1 |   2.6
            +---------+---------+-------+---------+---------+-------
        D:1 |      40 |       0 |   0.0 |      20 |       0 |   0.0
        D:2 |      17 |       1 |   5.6 |      11 |       1 |   8.3
        D:3 |      11 |       0 |   0.0 |       5 |       0 |   0.0
        D:4 |       2 |       0 |   0.0 |       1 |       0 |   0.0
            +---------+---------+-------+---------+---------+-------
